 Dungeon Crawl Stone Soup version 0.31-a0-986-g5e6e4ef867 (webtiles) character file.

Game seed: 5233564206739807174

37 Arex the Ducker (level 3, -2/26 HPs)
             Began as an Octopode Fighter on Nov 7, 2023.
             Slain by Sigmund
             ... wielding a +0 scythe
              (5 damage)
             ... on level 2 of the Dungeon.
             The game lasted 00:01:46 (873 turns).

Arex the Ducker (Octopode Fighter)                   Turns: 873, Time: 00:01:47

Health: -2/26      AC:  1    Str: 17    XL:     3   Next: 39%
Magic:  3/3        EV: 13    Int: 10    God:
Gold:   38         SH:  4    Dex: 11    Spells: 2/2 levels left

rFire   . . .        c - +1 falchion (vamp)
rCold   . . .        a - +0 buckler
rNeg    . . .        (helmet restricted)
rPois   .            (no amulet)
rElec   .            (no ring)
rCorr   .            (no ring)
SInv    .            (no ring)
Will    .....        (no ring)
Stlth   +++          (no ring)
HPRegen 0.24/turn    (no ring)
MPRegen 0.08/turn    (no ring)
                     (no ring)

%: no passive effects
@: mighty
A: almost no armour, amphibious, 8 rings, camouflage 1, gelatinous body 1,
(nimble swimmer 1), tentacles
a: no special abilities


You were on level 2 of the Dungeon.
You visited 1 branch of the dungeon, and saw 2 of its levels.

You collected 38 gold pieces.

Inventory:

Hand Weapons
 c - a +1 vampiric falchion (weapon)
Armour
 a - a +0 buckler (worn)
Scrolls
 d - 3 scrolls of teleportation
 e - a scroll of poison
 f - 3 scrolls of enchant armour
 h - 2 scrolls of acquirement {unknown}
 i - a scroll of blinking {unknown}
Potions
 g - a potion of attraction {unknown}


   Skills:
 + Level 3.3 Fighting
 + Level 0.1 Long Blades
 + Level 3.3 Dodging
 + Level 1.6 Stealth
 + Level 3.2 Shields
 - Level 2.3 Unarmed Combat


You had 2 spell levels left.
You didn't know any spells.
Your spell library contained the following spells:

 Spells                   Type           Power      Damage    Failure   Level
 Necrotise                Necr           0%         1d4       43%         1
 Vampiric Draining        Necr           0%         2d6       82%         3
 Agony                    Necr           0%         N/A       100%        5


Dungeon Overview and Level Annotations

Branches:
Dungeon (2/15)

Altars:

Annotations:
D:2 Sigmund


Innate Abilities, Weirdness & Mutations

You cannot wear most types of armour.
You are amphibious.
You can wear up to eight rings at the same time.
Your skin changes colour to match your surroundings (Stealth+).
Your rubbery body absorbs attacks. (AC +1, EV +1)
((You are camouflaged when in or above water. (Stealth+)))
You have tentacles for arms and can constrict up to eight enemies at once.


Message History

You see here a ball python corpse.
There is a stone staircase leading down here.
An endoplasm comes into view.
An endoplasm is nearby!
An endoplasm is nearby!
The endoplasm quivers.
The endoplasm closely misses you.
You hit the endoplasm. You squeeze the endoplasm.
You kill the endoplasm!
No target in view!
No target in view!
No target in view!
No target in view!
No target in view!
No target in view!
No target in view!
No target in view!
No target in view!
Sigmund the Dreaded comes into view.
He is wielding a +0 scythe.
Sigmund casts a spell at you.
You are confused.
You are too confused!
You bump into the rock wall.
Sigmund mumbles some strange words.
Sigmund flickers and vanishes!
Deactivating autopickup; reactivate with Ctrl-A.
You're too confused to move!
You bump into the rock wall.
You bump into the rock wall.
You bump into the rock wall.
You bump into the rock wall.
You feel very mighty all of a sudden.
You feel less confused. Something hits you!
You miss something. You block something's attack.
You miss something. You squeeze something! You block something's attack.
You closely miss something. Something hits you.
You miss something. Something hits you!
* * * LOW HITPOINT WARNING * * *
You closely miss something. You squeeze something! Something hits you.
You die...

#########
.......@####
#######....###
####...# ###.#
#####.#
#.....#
##.##### #..#
#### ### #.##


There were no monsters in sight!

Vanquished Creatures
  A worm (D:2)
  A dart slug (D:2)
  4 ball pythons
  3 endoplasms
  2 giant cockroaches (D:1)
  A goblin (D:2)
  2 hobgoblins
  5 kobolds
  5 bats
  2 frilled lizards
  3 rats
29 creatures vanquished.

Notes
Turn   | Place    | Note
-------+----------+-------------------------------------------
     0 | D:1      | Arex the Octopode Fighter began the quest for the Orb.
     0 | D:1      | Reached XP level 1. HP: 16/16 MP: 1/1
    76 | D:1      | Found a faded altar of an unknown god.
   141 | D:1      | Reached XP level 2. HP: 21/21 MP: 2/2
   330 | D:1      | Reached skill level 1 in Stealth
   622 | D:2      | Reached XP level 3. HP: 26/26 MP: 3/3
   860 | D:2      | Noticed Sigmund
   873 | D:2      | Slain by Sigmund

Illustrated notes

Levels and vault maps discovered:
D:1:      heliophobic_arrival_ceremonial_halls, layout_basic,
          basic_ecumenical_altar
D:2:      layout_rooms, uniq_sigmund

Skill      XL: |  1  2 |
---------------+-------+-----
Stealth        | 1 |  1.6
Fighting       | |  3.3
Long Blades    | |  0.1
Dodging        | |  3.3
Shields        | |  3.2
Unarmed Combat | |  2.3

Action                     || total
---------------------------++-------
  Melee: Unarmed           ||    40
         Constrict         ||    13
         Punch             ||     2
         Tentacles         ||     8
         Falchion          ||    21
    Use: Scroll            ||     3
         Potion            ||     1
   Stab: Sleeping          ||     8
 Armour: Skin              ||    26
  Dodge: Dodged            ||    27
  Block: Buckler           ||     8

Table legend: (Time is in decaauts)
 A = Elapsed time spent in this place.
 B = Non-inter-level travel time spent in this place.
 C = Inter-level travel time spent in this place.
 D = Time resting spent in this place.
 E = Time spent auto-exploring this place.
 F = Levels seen in this place.
 G = Mean time per level.
                   A        B        C        D        E       F      G
               +--------+--------+--------+--------+--------+-----+--------+
         Total |    879 |    852 |     27 |      0 |    644 |   2 |  439.5 |
       Dungeon |    879 |    852 |     27 |      0 |    644 |   2 |  439.5 |
               +--------+--------+--------+--------+--------+-----+--------+

Top non-repeatable levels by time:
     D:1: 618 daAuts
     D:2: 260 daAuts
